 Dungeon Crawl Stone Soup version 0.28-a0-724-g66f9036eb4 (webtiles) character file.

Game seed: 5997399521022858274

48487 ytrimaz the Protected (level 14, -3/123 HPs)
             Began as a Demonspawn Gladiator on Oct 26, 2021.
             Was a High Priest of Ashenzari.
             Slain by an orc knight (13 damage)
             ... on level 2 of the Orcish Mines.
             The game lasted 00:33:24 (21110 turns).

ytrimaz the Protected (Demonspawn Gladiator)       Turns: 21110, Time: 00:33:25

Health: -3/123     AC: 31    Str: 30    XL:     14   Next: 12%
Magic:  0/23       EV: 20    Int: 20    God:    Ashenzari [*****.]
Gold:   984        SH: 13    Dex: 14    Spells: 14/14 levels left

rFire   . . .      SeeInvis +   D - +4 dagger of Toth-Mos's Legacy {spect, Melee, Evo} (curse)
rCold   . . .      Faith    .   S - +0 buckler of Ashenzari's Negligence {Evo, Melee} (curse)
rNeg    . . .      Spirit   +   L - +2 chain mail of the Vacuum {rElec Int+2}
rPois   .          Reflect  +   c - +2 helmet of Ashenzari's Sophism {Self, Range} (curse)
rElec   +          Harm     .   G - +2 cloak "Urgency of Ashenzari" {Evo, Melee} (curse)
rCorr   +          Rampage  .   t - +2 pair of gloves of Apeoromancy {Cun, Evo} (curse)
Will    .....      Clarity  +   B - +2 pair of boots of the Shackled Stars {Melee, Fort} (curse)
Stlth   ..........              r - amulet of Ashenzari's Planets {Reflect SH+5, Fort, Melee} (curse)
HPRegen 0.30/turn               H - ring "I Knew You'd Do That" {Will- rCorr MP+9 Str+6 Int+6, Self, Alch} (curse)
MPRegen 0.36/turn               h - +6 ring of strength

@: agile, repel missiles
A: repulsion field 3, powered by pain 1, magic shield, magic regeneration, magic
link, demonic touch 1
a: Renounce Religion, Curse Item, Shatter the Chains


You were on level 2 of the Orcish Mines.
You worshipped Ashenzari.
Ashenzari was extremely pleased with you.
You visited 3 branches of the dungeon, and saw 18 of its levels.

You collected 1089 gold pieces.
You spent 105 gold pieces at shops.

Inventory:

Hand Weapons
 a - a +0 war axe
 e - a +5 dagger of electrocution
 x - a +0 short sword of flaming
 A - a +2 dagger of venom
 D - the cursed +4 dagger of Toth-Mos's Legacy (weapon) {spect, Melee, Evo}
   (You found it on level 6 of the Dungeon)

   When its wielder attacks, the weapon's spirit leaps out and strikes again.
   The spirit shares a part of any damage it takes with its wielder.
   It has a curse which improves the following skills: Melee Combat: Short
   Blades, Long Blades, Axes, Maces & Flails, Polearms, Staves and Unarmed
   Combat.
   Evocations: Evocations.
Missiles
 d - 2 throwing nets (quivered)
Armour
 c - the cursed +2 helmet of Ashenzari's Sophism (worn) {Self, Range}

   It has a curse which improves the following skills: Introspection: Fighting
   and Spellcasting.
   Ranged Combat: Slings, Bows, Crossbows and Throwing.
 t - the cursed +2 pair of gloves of Apeoromancy (worn) {Cun, Evo}
   (You found it on level 3 of the Dungeon)

   It has a curse which improves the following skills: Cunning: Dodging and
   Stealth.
   Evocations: Evocations.
 B - the cursed +2 pair of boots of the Shackled Stars (worn) {Melee, Fort}
   (You found it on level 5 of the Dungeon)

   It has a curse which improves the following skills: Melee Combat: Short
   Blades, Long Blades, Axes, Maces & Flails, Polearms, Staves and Unarmed
   Combat.
   Fortitude: Armour and Shields.
 F - a +0 kite shield
 G - the cursed +2 cloak "Urgency of Ashenzari" (worn) {Evo, Melee}
   (You found it on level 7 of the Dungeon)

   It has a curse which improves the following skills: Evocations: Evocations.
   Melee Combat: Short Blades, Long Blades, Axes, Maces & Flails, Polearms,
   Staves and Unarmed Combat.
 L - the +2 chain mail of the Vacuum (worn) {rElec Int+2}
   (You found it on level 9 of the Dungeon)

   Int:       It affects your intelligence (+2).
   rElec:     It insulates you from electricity.
 M - a +0 troll leather armour
 S - the cursed +0 buckler of Ashenzari's Negligence (worn) {Evo, Melee}
   (You took it off a spriggan on level 12 of the Dungeon)

   It has a curse which improves the following skills: Evocations: Evocations.
   Melee Combat: Short Blades, Long Blades, Axes, Maces & Flails, Polearms,
   Staves and Unarmed Combat.
 U - a +1 tower shield
Jewellery
 b - a ring of flight
 f - a ring of protection from cold
 h - a +6 ring of strength (right hand)
 j - a ring of ice
 o - a +4 ring of protection
 r - the cursed amulet of Ashenzari's Planets (around neck) {Reflect SH+5, Fort, Melee}
   (You found it on level 3 of the Dungeon)

   [amulet of reflection]

   It reflects blocked missile attacks.
   SH:        It affects your SH (+5).
   It has a curse which improves the following skills: Fortitude: Armour and
   Shields.
   Melee Combat: Short Blades, Long Blades, Axes, Maces & Flails, Polearms,
   Staves and Unarmed Combat.
 s - a ring of ice
 u - a ring of protection from cold
 w - a +4 ring of evasion
 H - the cursed ring "I Knew You'd Do That" (left hand) {Will- rCorr MP+9 Str+6 Int+6, Self, Alch}
   (You found it on level 7 of the Dungeon)

   [ring of strength]

   Str:       It affects your strength (+6).
   Int:       It affects your intelligence (+6).
   MP:        It affects your magic capacity (+9).
   rCorr:     It protects you from acid and corrosion.
   Will:      It decreases your willpower.
   It has a curse which improves the following skills: Introspection: Fighting
   and Spellcasting.
   Alchemy:   Poison Magic and Transmutations.
 I - the amulet "Xiofemn" {Acrobat rN+}
   (You found it on level 8 of the Dungeon)

   [amulet of the acrobat]

   It increases your evasion while moving and waiting.
   rN:        It protects you from negative energy.
 J - a +6 ring of dexterity
 N - a ring of willpower
 P - a +6 ring of dexterity
 T - a +4 ring of protection
Wands
 y - a wand of iceblast (7)
 C - a wand of paralysis (10)
 K - a wand of charming (8)
 O - a wand of flame (18)
Scrolls
 i - 4 scrolls of blinking
 p - 6 scrolls of teleportation
 v - a scroll of magic mapping
 z - 3 scrolls of amnesia
 E - 2 scrolls of fog
Potions
 g - 6 potions of brilliance
 k - 3 potions of attraction
 m - 2 potions of flight
 n - 10 potions of curing
 q - 3 potions of degeneration
 Q - a potion of magic


   Skills:
 + Level 11.2(15.3) Fighting
 - Level 12.0(19.8) Short Blades
 + Level 2.8(8.7) Axes
 - Level 1.8(3.8) Throwing
 - Level 13.4(17.5) Armour
 + Level 2.8(5.0) Dodging
 + Level 10.4(14.5) Shields


You had 14 spell levels left.
You didn't know any spells.
Your spell library contained the following spells:

 Spells                   Type           Power      Damage    Failure   Level
 Freeze                   Ice            0%         1d3       47%         1
 Magic Dart               Conj           0%         1d3       47%         1
 Shock                    Conj/Air       0%         1d3       47%         1
 Blink                    Tloc           0%         N/A       63%         2
 Call Imp                 Summ           0%         N/A       63%         2
 Sublimation of Blood     Necr           0%         N/A       63%         2
 Mephitic Cloud           Conj/Pois/Air  1%         N/A       83%         3
 Frozen Ramparts          Ice            0%         1d2       85%         3
 Gell's Gravitas          Tloc           0%         N/A       85%         3
 Ozocubu's Armour         Ice            0%         N/A       85%         3
 Swiftness                Air            0%         N/A       85%         3
 Teleport Other           Tloc           0%         N/A       85%         3
 Airstrike                Air            0%         N/A       99%         4
 Hailstorm                Conj/Ice       0%         3d3       99%         4
 Passage of Golubria      Tloc           0%         N/A       99%         4
 Petrify                  Tmut/Erth      1%         N/A       99%         4
 Alistair's Intoxication  Tmut/Pois      1%         N/A       100%        5
 Borgnjor's Vile Clutch   Necr/Erth      0%         N/A       100%        5
 Irradiate                Conj/Tmut      0%         3d14      100%        5
 Manifold Assault         Tloc           0%         N/A       100%        5
 Silence                  Hex/Air        0%         N/A       100%        5
 Dispersal                Tloc           0%         N/A       100%        6
 Eringya's Noxious Bog    Tmut/Pois      1%         N/A       100%        6
 Ozocubu's Refrigeration  Ice            0%         4d5       100%        7
 Storm Form               Tmut/Air       0%         N/A       100%        7
 Disjunction              Tloc           0%         N/A       100%        8
 Lehudib's Crystal Spear  Conj/Erth      0%         10d2      100%        8


Dungeon Overview and Level Annotations

Branches:
Dungeon (15/15)            Temple (1/1) D:5            Lair (0/6) D:10
    Orc (2/2) D:9             Elf (0/3) Orc:2        Vaults (0/5) D:13
 Depths (0/4) D:15

Altars:
Ashenzari
Cheibriados
Dithmenos
Elyvilon
Fedhas
Gozag
Hepliaklqana
Kikubaaqudgha
Makhleb
Nemelex Xobeh
Okawaru
Qazlal
Ru
Sif Muna
Trog
Uskayaw
Vehumet
Wu Jian
Xom
Yredelemnul
Zin
The Shining One

Shops:
D:13 (   D:15 ?   Orc:2 [*

Annotations:
D:10 exclusion: oklob plant


Innate Abilities, Weirdness & Mutations

You are surrounded by a strong repulsion field. (EV +4, RMsl)
You sometimes gain a little power by taking damage.
When hurt, damage is shared between your health and your magic reserves.
You regenerate magic rapidly.
When low on magic, you restore magic in place of health.
Your touch may inflict minor irresistible damage on your foes.


Message History

You block the orc knight's attack.
The orc warrior hits you but does no damage.
You hit the orc knight but do no damage.
The orc knight is severely wounded.
Your +4 dagger of Toth-Mos's Legacy {spect, Melee, Evo} hits the orc knight but does no damage.
The orc closely misses your +4 dagger of Toth-Mos's Legacy {spect, Melee, Evo}.
The ogre hits your +4 dagger of Toth-Mos's Legacy {spect, Melee, Evo} with a +0 giant club!
Your spectral weapon shares its damage with you!
The smoke demon gestures at you. Something smites you!
The orc knight roars a battlecry!
You hear a shout!
You hit the orc knight but do no damage.
The orc knight is severely wounded.
Your +4 dagger of Toth-Mos's Legacy {spect, Melee, Evo} hits the orc knight.
The orc knight hits you with a +2 battleaxe!!
You hit the orc knight but do no damage.
The orc knight is almost dead.
Your +4 dagger of Toth-Mos's Legacy {spect, Melee, Evo} closely misses the orc knight.
The orc closely misses your +4 dagger of Toth-Mos's Legacy {spect, Melee, Evo}.
The orc priest begins to cast a cantrip, but forgets the words!
The orc knight hits you but does no damage.
You hit the orc knight but do no damage.
The orc knight is almost dead.
Your +4 dagger of Toth-Mos's Legacy {spect, Melee, Evo} barely misses the orc knight.
The ogre hits your +4 dagger of Toth-Mos's Legacy {spect, Melee, Evo} with a +0 giant club!
Your spectral weapon shares its damage with you!
The orc knight hits you with a +2 battleaxe!!
* * * LOW HITPOINT WARNING * * *
You focus on the pain.
You feel agile all of a sudden. The orc warrior misses you.
You hit the orc knight but do no damage.
The orc knight is almost dead.
Your +4 dagger of Toth-Mos's Legacy {spect, Melee, Evo} hits the orc knight but does no damage.
The orc priest calls down the wrath of Beogh upon you.
Beogh smites you!
* * * LOW HITPOINT WARNING * * *
The orc knight hits you with a +2 battleaxe!
You die...

.....o.....######...........#*
#.....##.#######.............#
#8...8####.∩####.....#.#......**
#...o.###...##.#.....####.....,**
#.....#*, ##.......###*......,,*
#.....#,, ##§#.#......#,.$.... **
........ #§.§........#..... ,*
........#####ooo......#..... ** ,
,,,..8.oO..@.).........** , ,, ,,
...ooooo..##.......#*
,,,...o.oo#.##).....### ,, , ,
....o3.###.))......#* ,, ,
..8...###.........>. ,,,,######
##........... * ,, , , *
##.....##..... ** * , ,* *##
#....### ..... * ,* ,,,
#..#...#######..^ *


You could see 2 orc knights, a smoke demon (summoned), an orc sorcerer (strong),
2 orc warriors, an ogre, an orc priest (strong), an orc wizard (strong,
invisible) and 6 orcs.

Vanquished Creatures
  2 fire dragons (D:15)
  Fannar (D:12)
  5 vault guards (D:13)
  A hydra (D:14)
  3 boulder beetles
  7 two-headed ogres
  7 centaur warriors
  A death knight (D:15)
  An orc high priest (Orc:2)
  8 skeletal warriors
  Pikel (D:6)
  An orc knight (D:15)
  16 ugly things
  2 orc sorcerers (Orc:2)
  2 deep elf pyromancers
  7 cyclopes
  2 manticores
  A gargoyle (D:12)
  2 unseen horrors
  Psyche (D:9)
  A kobold demonologist (D:12)
  A freezing wraith (D:15)
  An efreet (D:14)
  4 trolls
  3 slime creatures (D:13)
  A shadow (D:12)
  A wyvern (D:9)
  A vampire (D:12)
  8 spriggans (D:12)
  2 wraiths (D:12)
  Eustachio (D:6)
  3 yaks (D:11)
  7 humans (D:13)
  A steam dragon (D:6)
  A basilisk (D:13)
  10 vampire mosquitoes
  Menkaure (D:6)
  A warg (Orc:1)
  2 water moccasins
  An acid dragon (D:11)
  7 orc warriors
  An ice beast (D:7)
  A sky beast (D:6)
  4 black bears
  A necrophage (D:5)
  4 boggarts (D:15)
  4 ogres
  An ogre (shapeshifter) (D:14)
  14 centaurs
  2 phantoms
  3 lemures (D:6)
  2 kobold brigands
  5 scorpions
  4 gnoll sergeants
  2 water moccasin skeletons
  3 killer bees (D:9)
  4 wights (D:10)
  6 howler monkeys
  2 bullfrog zombies
  4 centaur zombies
  2 gnoll shamans (D:6)
  10 hounds
  A bullfrog skeleton (D:7)
  3 centaur skeletons
  5 orc priests
  3 jellies
  3 iguanas
  10 orc wizards
  21 gnolls
  4 adders
  2 shadow imps (D:6)
  A white imp (D:7)
  A worm (D:3)
  4 dart slugs
  45 orcs
  9 endoplasms
  A giant cockroach (D:4)
  6 hobgoblins
  8 jackals
  3 quokkas
  4 ball pythons
  3 bats
  6 frilled lizards
  10 goblins
  11 kobolds
  6 rats
378 creatures vanquished.

Vanquished Creatures (others)
  6 fungi (D:15)
6 creatures vanquished.

Grand Total: 384 creatures vanquished

Notes
Turn   | Place    | Note
-------+----------+-------------------------------------------
     0 | D:1      | ytrimaz the Demonspawn Gladiator began the quest for the
                  | Orb.
     0 | D:1      | Reached XP level 1. HP: 16/16 MP: 1/1
    45 | D:1      | Gained mutation: You are surrounded by a mild repulsion
                  | field. (EV +2) [demonic ancestry]
    45 | D:1      | Reached XP level 2. HP: 15/22 MP: 2/2
   200 | D:1      | Reached skill level 1 in Short Blades
   200 | D:1      | Reached skill level 1 in Armour
   606 | D:1      | Reached XP level 3. HP: 23/27 MP: 3/3
  1993 | D:3      | Reached XP level 4. HP: 26/34 MP: 4/4
  1994 | D:3      | Reached skill level 2 in Armour
  2263 | D:3      | Gained mutation: Your touch may inflict minor irresistible
                  | damage on your foes. [demonic ancestry]
  2263 | D:3      | Reached XP level 5. HP: 30/39 MP: 5/5
  2741 | D:4      | Reached skill level 3 in Armour
  2856 | D:4      | Noticed a black bear
  2868 | D:4      | Killed a black bear
  2869 | D:4      | Gained mutation: You regenerate magic rapidly. [demonic
                  | ancestry]
  2869 | D:4      | Reached XP level 6. HP: 16/46 MP: 6/6
  3086 | D:4      | Found a shimmering altar of Xom.
  3309 | D:4      | Reached XP level 7. HP: 46/51 MP: 7/7
  3354 | D:4      | Reached skill level 4 in Armour
  3722 | D:4      | Reached skill level 5 in Short Blades
  3786 | D:4      | Reached skill level 1 in Shields
  3883 | D:4      | Identified the +0 long sword "Nahiqaifyg" {freeze, Int+4}
  4131 | D:5      | Entered Level 5 of the Dungeon
  4403 | D:5      | Reached skill level 5 in Armour
  4403 | D:5      | Gained mutation: You are surrounded by a moderate repulsion
                  | field. (EV +3) [demonic ancestry]
  4403 | D:5      | Reached XP level 8. HP: 54/58 MP: 8/8
  4858 | D:5      | Found a staircase to the Ecumenical Temple.
  4917 | Temple   | Entered the Ecumenical Temple
  5115 | Temple   | Became a worshipper of Ashenzari the Shackled
  5142 | D:5      | Reached skill level 6 in Armour
  5381 | D:6      | Noticed Eustachio
  5405 | D:6      | Killed Eustachio
  5416 | D:6      | Reached XP level 9. HP: 58/65 MP: 9/9
  5466 | D:6      | Noticed Menkaure
  5476 | D:6      | Killed Menkaure
  6009 | D:6      | Noticed Pikel
  6026 | D:6      | Killed Pikel
  6027 | D:6      | Reached skill level 7 in Armour
  6713 | D:7      | Reached skill level 5 in Fighting
  6863 | D:7      | Found a shadowy altar of Dithmenos.
  6911 | D:7      | Reached XP level 10. HP: 73/74 MP: 10/10
  7029 | D:7      | Identified the ring "Publi" {Will- rCorr MP+9 Str+6 Int+6}
  7524 | D:8      | Identified the amulet "Xiofemn" {Acrobat rN+}
  7563 | D:8      | Reached * piety under Ashenzari
  7724 | D:8      | Found a sacrificial altar of Ru.
  7981 | D:8      | Reached ** piety under Ashenzari
  8220 | D:9      | Identified the +2 chain mail of the Vacuum {rElec Int+2}
  8685 | D:9      | Noticed Psyche
  8692 | D:9      | Killed Psyche
  8747 | D:9      | Found a staircase to the Orcish Mines.
  9425 | D:10     | Entered Level 10 of the Dungeon
  9697 | D:10     | Noticed an oklob plant
  9714 | D:10     | Reached skill level 10 in Short Blades
  9714 | D:10     | Reached skill level 8 in Armour
  9867 | D:10     | Found a staircase to the Lair.
 10545 | D:11     | Noticed a two-headed ogre
 10548 | D:11     | Noticed a two-headed ogre
 10601 | D:11     | Noticed a two-headed ogre
 10950 | D:10     | Killed a two-headed ogre
 10951 | D:10     | Gained mutation: When hurt, damage is shared between your
                  | health and your magic reserves. [demonic ancestry]
 10951 | D:10     | Reached XP level 11. HP: 79/89 MP: 11/11
 11001 | D:10     | Killed a two-headed ogre
 11002 | D:10     | Reached skill level 5 in Shields
 11051 | D:10     | Killed a two-headed ogre
 11052 | D:10     | Reached skill level 9 in Armour
 11881 | D:12     | Noticed a two-headed ogre
 11890 | D:12     | Killed a two-headed ogre
 12071 | D:12     | Noticed a skeletal warrior
 12105 | D:12     | Killed a skeletal warrior
 12271 | D:12     | Noticed a boulder beetle
 12300 | D:12     | Killed a boulder beetle
 12301 | D:12     | Reached skill level 10 in Armour
 12711 | D:12     | Noticed Fannar
 12735 | D:12     | Killed Fannar
 12785 | D:12     | Noticed a skeletal warrior
 12788 | D:12     | Noticed a skeletal warrior
 12788 | D:12     | Noticed a skeletal warrior
 12796 | D:12     | Killed a skeletal warrior
 12815 | D:12     | Killed a skeletal warrior
 12823 | D:12     | Killed a skeletal warrior
 12964 | D:12     | Noticed a two-headed ogre
 12975 | D:12     | Killed a two-headed ogre
 12976 | D:12     | Gained mutation: You sometimes gain a little power by
                  | taking damage. [demonic ancestry]
 12976 | D:12     | Reached XP level 12. HP: 78/99 MP: 12/12
 13235 | D:12     | Noticed a boulder beetle
 13261 | D:12     | Killed a boulder beetle
 13262 | D:12     | Reached skill level 11 in Armour
 13537 | D:12     | Reached *** piety under Ashenzari
 14516 | D:13     | Noticed a boulder beetle
 14524 | D:13     | Killed a boulder beetle
 14731 | D:13     | Reached skill level 12 in Armour
 14784 | D:13     | Found Ettenia's Weapon Boutique.
 14840 | D:13     | Noticed a two-headed ogre
 14853 | D:13     | Killed a two-headed ogre
 14914 | D:13     | Noticed a centaur warrior
 14924 | D:13     | Killed a centaur warrior
 15242 | D:13     | Reached **** piety under Ashenzari
 15309 | D:13     | Noticed a vault guard
 15309 | D:13     | Noticed a vault guard
 15310 | D:13     | Noticed a vault guard
 15310 | D:13     | Noticed a vault guard
 15310 | D:13     | Noticed a vault guard
 15350 | D:13     | Killed a vault guard
 15366 | D:13     | Killed a vault guard
 15376 | D:13     | Killed a vault guard
 15404 | D:13     | Killed a vault guard
 15405 | D:13     | Gained mutation: You are surrounded by a strong repulsion
                  | field. (EV +4, RMsl) [demonic ancestry]
 15405 | D:13     | Reached XP level 13. HP: 63/111 MP: 13/13
 15496 | D:13     | Found a gate to the Vaults.
 15836 | D:14     | Reached skill level 10 in Fighting
 16076 | D:14     | Found a snail-covered altar of Cheibriados.
 16416 | D:14     | Identified the cursed +4 dagger of Toth-Mos's Legacy
                  | {spect, Melee, Evo} (You found it on level 6 of the
                  | Dungeon)
 16419 | D:14     | Identified the cursed +4 dagger of Toth-Mos's Legacy
                  | {spect, Melee, Evo} (You found it on level 6 of the
                  | Dungeon)
 16420 | D:14     | Identified the cursed +4 dagger of Toth-Mos's Legacy
                  | {spect, Melee, Evo} (You found it on level 6 of the
                  | Dungeon)
 16425 | D:14     | Identified the cursed +4 dagger of Toth-Mos's Legacy
                  | {spect, Melee, Evo} (You found it on level 6 of the
                  | Dungeon)
 16428 | D:14     | Identified the cursed +4 dagger of Toth-Mos's Legacy
                  | {spect, Melee, Evo} (You found it on level 6 of the
                  | Dungeon)
 16431 | D:14     | Identified the cursed +4 dagger of Toth-Mos's Legacy
                  | {spect, Melee, Evo} (You found it on level 6 of the
                  | Dungeon)
 16434 | D:14     | Identified the cursed +4 dagger of Toth-Mos's Legacy
                  | {spect, Melee, Evo} (You found it on level 6 of the
                  | Dungeon)
 16436 | D:14     | Identified the cursed +4 dagger of Toth-Mos's Legacy
                  | {spect, Melee, Evo} (You found it on level 6 of the
                  | Dungeon)
 16438 | D:14     | Identified the cursed +4 dagger of Toth-Mos's Legacy
                  | {spect, Melee, Evo} (You found it on level 6 of the
                  | Dungeon)
 16478 | D:14     | Identified the cursed +4 dagger of Toth-Mos's Legacy
                  | {spect, Melee, Evo} (You found it on level 6 of the
                  | Dungeon)
 16490 | D:14     | Identified the cursed +4 dagger of Toth-Mos's Legacy
                  | {spect, Melee, Evo} (You found it on level 6 of the
                  | Dungeon)
 16882 | D:15     | Entered Level 15 of the Dungeon
 16885 | D:15     | Identified the cursed +4 dagger of Toth-Mos's Legacy
                  | {spect, Melee, Evo} (You found it on level 6 of the
                  | Dungeon)
 16888 | D:14     | Identified the cursed +4 dagger of Toth-Mos's Legacy
                  | {spect, Melee, Evo} (You found it on level 6 of the
                  | Dungeon)
 16893 | D:14     | Identified the cursed +4 dagger of Toth-Mos's Legacy
                  | {spect, Melee, Evo} (You found it on level 6 of the
                  | Dungeon)
 17117 | D:14     | Identified the cursed +4 dagger of Toth-Mos's Legacy
                  | {spect, Melee, Evo} (You found it on level 6 of the
                  | Dungeon)
 17168 | D:13     | Identified the cursed +4 dagger of Toth-Mos's Legacy
                  | {spect, Melee, Evo} (You found it on level 6 of the
                  | Dungeon)
 17478 | D:14     | Identified the cursed +4 dagger of Toth-Mos's Legacy
                  | {spect, Melee, Evo} (You found it on level 6 of the
                  | Dungeon)
 17486 | D:14     | Identified the cursed +4 dagger of Toth-Mos's Legacy
                  | {spect, Melee, Evo} (You found it on level 6 of the
                  | Dungeon)
 17494 | D:14     | Identified the cursed +4 dagger of Toth-Mos's Legacy
                  | {spect, Melee, Evo} (You found it on level 6 of the
                  | Dungeon)
 17659 | D:15     | Identified the cursed +4 dagger of Toth-Mos's Legacy
                  | {spect, Melee, Evo} (You found it on level 6 of the
                  | Dungeon)
 17679 | D:15     | Identified the cursed +4 dagger of Toth-Mos's Legacy
                  | {spect, Melee, Evo} (You found it on level 6 of the
                  | Dungeon)
 17682 | D:15     | Identified the cursed +4 dagger of Toth-Mos's Legacy
                  | {spect, Melee, Evo} (You found it on level 6 of the
                  | Dungeon)
 17696 | D:15     | Reached skill level 13 in Armour
 17704 | D:15     | Found Tuosmiod's Magic Scroll Shoppe.
 17708 | D:15     | Identified the cursed +4 dagger of Toth-Mos's Legacy
                  | {spect, Melee, Evo} (You found it on level 6 of the
                  | Dungeon)
 17711 | D:15     | Identified the cursed +4 dagger of Toth-Mos's Legacy
                  | {spect, Melee, Evo} (You found it on level 6 of the
                  | Dungeon)
 17715 | D:15     | Identified the cursed +4 dagger of Toth-Mos's Legacy
                  | {spect, Melee, Evo} (You found it on level 6 of the
                  | Dungeon)
 17717 | D:15     | Identified the cursed +4 dagger of Toth-Mos's Legacy
                  | {spect, Melee, Evo} (You found it on level 6 of the
                  | Dungeon)
 17721 | D:15     | Identified the cursed +4 dagger of Toth-Mos's Legacy
                  | {spect, Melee, Evo} (You found it on level 6 of the
                  | Dungeon)
 17728 | D:15     | Found a blossoming altar of Fedhas.
 17902 | D:15     | Bought a scroll of enchant armour for 105 gold pieces
 17979 | D:15     | Identified the cursed +4 dagger of Toth-Mos's Legacy
                  | {spect, Melee, Evo} (You found it on level 6 of the
                  | Dungeon)
 17984 | D:15     | Identified the cursed +4 dagger of Toth-Mos's Legacy
                  | {spect, Melee, Evo} (You found it on level 6 of the
                  | Dungeon)
 18214 | D:15     | Identified the cursed +4 dagger of Toth-Mos's Legacy
                  | {spect, Melee, Evo} (You found it on level 6 of the
                  | Dungeon)
 18225 | D:15     | Identified the cursed +4 dagger of Toth-Mos's Legacy
                  | {spect, Melee, Evo} (You found it on level 6 of the
                  | Dungeon)
 18242 | D:15     | Identified the cursed +4 dagger of Toth-Mos's Legacy
                  | {spect, Melee, Evo} (You found it on level 6 of the
                  | Dungeon)
 18250 | D:15     | Identified the cursed +4 dagger of Toth-Mos's Legacy
                  | {spect, Melee, Evo} (You found it on level 6 of the
                  | Dungeon)
 18310 | D:15     | Identified the cursed +4 dagger of Toth-Mos's Legacy
                  | {spect, Melee, Evo} (You found it on level 6 of the
                  | Dungeon)
 18413 | D:15     | Identified the cursed +4 dagger of Toth-Mos's Legacy
                  | {spect, Melee, Evo} (You found it on level 6 of the
                  | Dungeon)
 18520 | D:15     | Identified the cursed +4 dagger of Toth-Mos's Legacy
                  | {spect, Melee, Evo} (You found it on level 6 of the
                  | Dungeon)
 18613 | D:15     | Identified the cursed +4 dagger of Toth-Mos's Legacy
                  | {spect, Melee, Evo} (You found it on level 6 of the
                  | Dungeon)
 18620 | D:15     | Identified the cursed +4 dagger of Toth-Mos's Legacy
                  | {spect, Melee, Evo} (You found it on level 6 of the
                  | Dungeon)
 18632 | D:15     | Identified the cursed +4 dagger of Toth-Mos's Legacy
                  | {spect, Melee, Evo} (You found it on level 6 of the
                  | Dungeon)
 18650 | D:15     | Identified the cursed +4 dagger of Toth-Mos's Legacy
                  | {spect, Melee, Evo} (You found it on level 6 of the
                  | Dungeon)
 18679 | D:15     | Identified the cursed +4 dagger of Toth-Mos's Legacy
                  | {spect, Melee, Evo} (You found it on level 6 of the
                  | Dungeon)
 18701 | D:15     | Identified the cursed +4 dagger of Toth-Mos's Legacy
                  | {spect, Melee, Evo} (You found it on level 6 of the
                  | Dungeon)
 18712 | D:15     | Identified the cursed +4 dagger of Toth-Mos's Legacy
                  | {spect, Melee, Evo} (You found it on level 6 of the
                  | Dungeon)
 18715 | D:15     | Identified the cursed +4 dagger of Toth-Mos's Legacy
                  | {spect, Melee, Evo} (You found it on level 6 of the
                  | Dungeon)
 18727 | D:15     | Identified the cursed +4 dagger of Toth-Mos's Legacy
                  | {spect, Melee, Evo} (You found it on level 6 of the
                  | Dungeon)
 18733 | D:15     | Identified the cursed +4 dagger of Toth-Mos's Legacy
                  | {spect, Melee, Evo} (You found it on level 6 of the
                  | Dungeon)
 18749 | D:15     | Identified the cursed +4 dagger of Toth-Mos's Legacy
                  | {spect, Melee, Evo} (You found it on level 6 of the
                  | Dungeon)
 18759 | D:15     | Reached skill level 10 in Shields
 19113 | D:15     | Reached ***** piety under Ashenzari
 19141 | D:15     | Identified the cursed +4 dagger of Toth-Mos's Legacy
                  | {spect, Melee, Evo} (You found it on level 6 of the
                  | Dungeon)
 19153 | D:15     | Identified the cursed +4 dagger of Toth-Mos's Legacy
                  | {spect, Melee, Evo} (You found it on level 6 of the
                  | Dungeon)
 19160 | D:15     | Identified the cursed +4 dagger of Toth-Mos's Legacy
                  | {spect, Melee, Evo} (You found it on level 6 of the
                  | Dungeon)
 19164 | D:15     | Identified the cursed +4 dagger of Toth-Mos's Legacy
                  | {spect, Melee, Evo} (You found it on level 6 of the
                  | Dungeon)
 19167 | D:15     | Identified the cursed +4 dagger of Toth-Mos's Legacy
                  | {spect, Melee, Evo} (You found it on level 6 of the
                  | Dungeon)
 19171 | D:15     | Identified the cursed +4 dagger of Toth-Mos's Legacy
                  | {spect, Melee, Evo} (You found it on level 6 of the
                  | Dungeon)
 19173 | D:15     | Identified the cursed +4 dagger of Toth-Mos's Legacy
                  | {spect, Melee, Evo} (You found it on level 6 of the
                  | Dungeon)
 19180 | D:15     | Identified the cursed +4 dagger of Toth-Mos's Legacy
                  | {spect, Melee, Evo} (You found it on level 6 of the
                  | Dungeon)
 19186 | D:15     | Identified the cursed +4 dagger of Toth-Mos's Legacy
                  | {spect, Melee, Evo} (You found it on level 6 of the
                  | Dungeon)
 19416 | D:15     | Noticed a fire dragon
 19446 | D:15     | Found a staircase to the Depths.
 19453 | D:15     | Noticed a fire dragon
 19496 | D:15     | Identified the cursed +4 dagger of Toth-Mos's Legacy
                  | {spect, Melee, Evo} (You found it on level 6 of the
                  | Dungeon)
 19501 | D:15     | Identified the cursed +4 dagger of Toth-Mos's Legacy
                  | {spect, Melee, Evo} (You found it on level 6 of the
                  | Dungeon)
 19507 | D:15     | Gained mutation: When low on magic, you restore magic in
                  | place of health. [demonic ancestry]
 19507 | D:15     | Reached XP level 14. HP: 90/123 MP: 14/14
 19706 | D:15     | Identified the cursed +4 dagger of Toth-Mos's Legacy
                  | {spect, Melee, Evo} (You found it on level 6 of the
                  | Dungeon)
 19724 | D:15     | Identified the cursed +4 dagger of Toth-Mos's Legacy
                  | {spect, Melee, Evo} (You found it on level 6 of the
                  | Dungeon)
 19734 | D:15     | Identified the cursed +4 dagger of Toth-Mos's Legacy
                  | {spect, Melee, Evo} (You found it on level 6 of the
                  | Dungeon)
 20546 | Orc:1    | Entered Level 1 of the Orcish Mines
 20549 | Orc:1    | Identified the cursed +4 dagger of Toth-Mos's Legacy
                  | {spect, Melee, Evo} (You found it on level 6 of the
                  | Dungeon)
 20552 | Orc:1    | Identified the cursed +4 dagger of Toth-Mos's Legacy
                  | {spect, Melee, Evo} (You found it on level 6 of the
                  | Dungeon)
 20560 | Orc:1    | Identified the cursed +4 dagger of Toth-Mos's Legacy
                  | {spect, Melee, Evo} (You found it on level 6 of the
                  | Dungeon)
 20565 | Orc:1    | Identified the cursed +4 dagger of Toth-Mos's Legacy
                  | {spect, Melee, Evo} (You found it on level 6 of the
                  | Dungeon)
 20642 | Orc:2    | Entered Level 2 of the Orcish Mines
 20647 | Orc:2    | Identified the cursed +4 dagger of Toth-Mos's Legacy
                  | {spect, Melee, Evo} (You found it on level 6 of the
                  | Dungeon)
 20658 | Orc:2    | Noticed an orc warlord
 20660 | Orc:2    | Identified the cursed +4 dagger of Toth-Mos's Legacy
                  | {spect, Melee, Evo} (You found it on level 6 of the
                  | Dungeon)
 20662 | Orc:2    | Found Zoruf's Antique Armour Emporium.
 20671 | Orc:2    | Identified the cursed +4 dagger of Toth-Mos's Legacy
                  | {spect, Melee, Evo} (You found it on level 6 of the
                  | Dungeon)
 20676 | Orc:2    | Identified the cursed +4 dagger of Toth-Mos's Legacy
                  | {spect, Melee, Evo} (You found it on level 6 of the
                  | Dungeon)
 20680 | Orc:2    | Identified the cursed +4 dagger of Toth-Mos's Legacy
                  | {spect, Melee, Evo} (You found it on level 6 of the
                  | Dungeon)
 20693 | Orc:2    | Found Cits's General Store.
 20715 | Orc:1    | Identified the cursed +4 dagger of Toth-Mos's Legacy
                  | {spect, Melee, Evo} (You found it on level 6 of the
                  | Dungeon)
 20918 | Orc:2    | Paralysed by an orc sorcerer for 4 turns
 20922 | Orc:2    | Identified the cursed +4 dagger of Toth-Mos's Legacy
                  | {spect, Melee, Evo} (You found it on level 6 of the
                  | Dungeon)
 20957 | Orc:2    | Identified the cursed +4 dagger of Toth-Mos's Legacy
                  | {spect, Melee, Evo} (You found it on level 6 of the
                  | Dungeon)
 20970 | Orc:2    | Identified the cursed +4 dagger of Toth-Mos's Legacy
                  | {spect, Melee, Evo} (You found it on level 6 of the
                  | Dungeon)
 21018 | Orc:2    | Found a staircase to the Elven Halls.
 21021 | Orc:2    | Identified the cursed +4 dagger of Toth-Mos's Legacy
                  | {spect, Melee, Evo} (You found it on level 6 of the
                  | Dungeon)
 21023 | Orc:2    | Identified the cursed +4 dagger of Toth-Mos's Legacy
                  | {spect, Melee, Evo} (You found it on level 6 of the
                  | Dungeon)
 21026 | Orc:2    | Identified the cursed +4 dagger of Toth-Mos's Legacy
                  | {spect, Melee, Evo} (You found it on level 6 of the
                  | Dungeon)
 21037 | Orc:2    | Identified the cursed +4 dagger of Toth-Mos's Legacy
                  | {spect, Melee, Evo} (You found it on level 6 of the
                  | Dungeon)
 21084 | Orc:2    | Identified the cursed +4 dagger of Toth-Mos's Legacy
                  | {spect, Melee, Evo} (You found it on level 6 of the
                  | Dungeon)
 21093 | Orc:2    | Identified the cursed +4 dagger of Toth-Mos's Legacy
                  | {spect, Melee, Evo} (You found it on level 6 of the
                  | Dungeon)
 21094 | Orc:2    | Identified the cursed +4 dagger of Toth-Mos's Legacy
                  | {spect, Melee, Evo} (You found it on level 6 of the
                  | Dungeon)
 21102 | Orc:2    | Identified the cursed +4 dagger of Toth-Mos's Legacy
                  | {spect, Melee, Evo} (You found it on level 6 of the
                  | Dungeon)
 21107 | Orc:2    | Identified the cursed +4 dagger of Toth-Mos's Legacy
                  | {spect, Melee, Evo} (You found it on level 6 of the
                  | Dungeon)
 21110 | Orc:2    | Slain by an orc knight

Illustrated notes

Levels and vault maps discovered:
D:1:      minmay_arrival_cross, layout_rooms, minmay_distorted
D:2:      layout_basic, lemuel_flame_loot_1
D:3:      layout_rooms, chequers_serial_rivers_micro_c, minmay_crystal_room
D:4:      layout_loops_cross, mainiacjoe_overflow_concentric_impassable,
          bh_walls_and_bars
D:5:      layout_loops_ring, tso_altar, minmay_temple_entry_grid,
          abandoned_shop, grunt_decor_junction
D:6:      layout_cave_pools, serial_gnoll_camp, gnoll_camp_huts_basic,
          gnoll_camp_mini_hut, gnoll_camp_mini_loothouse,
          gnoll_camp_mini_doghouse, nicolae_underground_beach, uniq_menkaure,
          uniq_eustachio, uniq_pikel
D:7:      layout_basic, grunt_dithmenos_smoke_and_mirrors
D:8:      layout_basic, nicolae_ru_the_path_less_chosen, kennysheep_crisscross,
          nicolae_two_hexagons
D:9:      layout_stronghold, orc_0_dummy, uniq_psyche
D:10:     layout_irregular_city, dpeg_oklobed_lair
D:11:     layout_basic
D:12:     kb_forest_paths, layout_basic, uniq_fannar
D:13:     layout_basic, ximxim_vaults_locker_room, nicolae_take_the_stairs
D:14:     layout_small_grid, cheibriados_altar_1
D:15:     grunt_enter_depths_hoard, layout_cross, serial_shops,
          nicolae_shop_waterfront, serial_park_tiny_pond, fedhas_altar_3
Temple:   eino_narrow_crystal_temple
Orc:1:    layout_caves, basic_altar
Orc:2:    grunt_orc_cross, layout_diamond_mine, gammafunk_ghost_arena,
          serial_shops, shop, chequers_guarded_unrand_ignorance

Skill      XL: |  1  2  3  4  5  6  7  8  9 10 11 12 13 14 |
---------------+-------------------------------------------+-----
Short Blades   | 1 2 3 4 5 7 9 10 11 12 | 12.0
Armour         | 1 2 3 5 6 7 8 10 12 13 | 13.4
Fighting       | 3 4 5 6 8 9 11 | 11.2
Shields        | 1 2 3 4 6 7 10 | 10.4
Axes           | |  2.8
Throwing       | |  1.8
Dodging        | |  2.8

Action                   |  1- 3 |  4- 6 |  7- 9 | 10-12 | 13-15 || total
-------------------------+-------+-------+-------+-------+-------++-------
Melee: Dagger            |   114 |    86 |   433 |   897 |   615 ||  2145
       Touch             |       |    12 |    84 |    98 |       ||   194
Throw: Throwing net      |     5 |       |       |     2 |       ||     7
Invok: Curse Item        |       |       |     1 |     5 |     2 ||     8
  Use: Scroll            |     5 |     4 |     2 |     5 |     4 ||    20
       Potion            |       |       |     1 |     4 |     1 ||     6
 Stab: Sleeping          |     1 |       |       |       |       ||     1
       Held in net/web   |     1 |       |       |     2 |       ||     3
       Distracted        |       |       |       |       |    11 ||    11
Armor: Leather armour    |    35 |    14 |       |       |       ||    49
       Ring mail         |       |    13 |   113 |    51 |       ||   177
       Chain mail        |       |       |       |   265 |   263 ||   528
Dodge: Dodged            |    91 |    57 |   334 |   368 |   276 ||  1126
       Repelled          |       |       |       |       |     3 ||     3
Block: Other             |       |    16 |    92 |   121 |       ||   229
       Reflection        |       |       |     2 |     1 |    35 ||    38
       Buckler           |       |       |       |   104 |   331 ||   435

Table legend: (Time is in decaauts)
 A = Elapsed time spent in this place.
 B = Non-inter-level travel time spent in this place.
 C = Inter-level travel time spent in this place.
 D = Time resting spent in this place.
 E = Time spent auto-exploring this place.
 F = Levels seen in this place.
 G = Mean time per level.
                   A        B        C        D        E       F      G
               +--------+--------+--------+--------+--------+-----+--------+
         Total |  20177 |  19532 |    645 |   4295 |  11427 |  18 | 1120.9 |
       Dungeon |  19453 |  18822 |    631 |   4112 |  11110 |  15 | 1296.9 |
        Temple |    207 |    200 |      7 |      0 |    165 |   1 |  207.0 |
  Orcish Mines |    515 |    508 |      7 |    183 |    152 |   2 |  257.5 |
               +--------+--------+--------+--------+--------+-----+--------+

Top non-repeatable levels by time:
    D:12: 2463 daAuts
    D:15: 2402 daAuts
    D:14: 1680 daAuts
    D:13: 1534 daAuts
     D:4: 1417 daAuts
     D:9: 1386 daAuts
     D:6: 1276 daAuts
     D:2: 1208 daAuts
    D:10: 1167 daAuts
    D:11: 1035 daAuts
     D:8: 963 daAuts
     D:5: 955 daAuts
     D:1: 795 daAuts
     D:3: 676 daAuts
     D:7: 490 daAuts
